 Dungeon Crawl Stone Soup version 0.31.0-11-ge490571c62 (webtiles) character file.

Game seed: 15879493531716397655

54 sanka the Cudgeller (level 3, -4/33 HPs)
             Began as a Minotaur Fighter on Jan 30, 2024.
             Slain by a gnoll
             ... wielding a +1 halberd of protection
              (6 damage)
             ... on level 2 of the Dungeon.
             The game lasted 00:01:23 (838 turns).

sanka the Cudgeller (Minotaur Fighter)               Turns: 838, Time: 00:01:24

Health: -4/33      AC:  9    Str: 20    XL:     3   Next: 66%
Magic:  2/2        EV:  7    Int:  5    God:
Gold:   133        SH:  4    Dex: 11    Spells: 2/2 levels left

rFire   . . .        a - +0 flail
rCold   . . .        c - +0 buckler
rNeg    . . .        g - +0 chain mail
rPois   .            (helmet restricted)
rElec   .            (no cloak)
rCorr   .            (no gloves)
SInv    .            (no boots)
Will    .....        (no amulet) Stlth
                     (no ring)
HPRegen 0.25/turn    (no ring)
MPRegen 0.08/turn

%: no passive effects
@: no status effects
A: horns 2, retaliatory headbutt
a: no special abilities


You were on level 2 of the Dungeon.
You visited 1 branch of the dungeon, and saw 2 of its levels.

You collected 133 gold pieces.


Innate Abilities, Weirdness & Mutations

You have a pair of horns on your head.
You reflexively headbutt those who attack you in melee.


   Skills:
 - Level 4.0 Fighting
 + Level 4.7 Maces & Flails
 - Level 3.6 Armour
 - Level 3.6 Shields


You had 2 spell levels left.
You didn't know any spells.
Your spell library was empty.

Inventory:

Hand Weapons
 a - a +0 flail (weapon)
Armour
 c - a +0 buckler (worn)
 g - a +0 chain mail (worn)
Jewellery
 f - a ring of fire
Potions
 b - a potion of attraction {unknown}
 d - a potion of might
 e - a potion of curing {unknown}

Dungeon Overview and Level Annotations

Branches:
Dungeon (2/15)

Altars:

Shops:
D:1

( ▒▒▒▒▒▒▒▒▒ ▒▒▒▒▒▒▒▒
▒.......▒ ▒.......
▒.......▒ ▒.......
▒.......▒ ▒.......
▒.......▒ ▒)......
▒....)H.▒▒▒▒▒▒▒▒.▒▒'▒▒▒
▒....g)r▒...†.).)▒▒...▒
▒.......▒.▒▒.†▒▒▒▒▒▒▒.▒
▒.......▒..▒....▒...▒..
▒......[▒▒.▒....▒▒.....
▒▒▒..................▒▒
.......▒............(..
..▒+▒..▒.▒▒▒▒8.....8▒<.
.. ......▒ ▒..)....▒▒.


You could see a gnoll and a rat.


Message History

You block the gnoll's attack.
The gnoll hits you with a +1 halberd of protection.
The rat bites you but does no damage. The gnoll hits you but does no damage.
Unknown command.
You hit the gnoll.
The gnoll is heavily wounded.
The gnoll hits you but does no damage.
The gnoll hits you with a +1 halberd of protection!
* * * LOW HITPOINT WARNING * * *
The rat bites you but does no damage. The gnoll hits you but does no damage.
Unknown command.
You closely miss the gnoll. You headbutt the gnoll.
The gnoll is severely wounded.
The gnoll hits you with a +0 spear!
* * * LOW HITPOINT WARNING * * *
You block the gnoll's attack. You block the rat's attack.
The gnoll barely misses you.
Unknown command.
You hit the gnoll.
You kill the gnoll!
The gnoll barely misses you. You furiously retaliate!
You headbutt the gnoll!
You kill the gnoll!
The gnoll hits you with a +1 halberd of protection.
You die...

Action                     || total
---------------------------++-------
  Melee: Flail             ||    74
         Headbutt          ||    14
 Armour: Scale mail        ||    34
         Chain mail        ||    27
  Dodge: Dodged            ||    50
  Block: Buckler           ||    24

Levels and vault maps discovered:
D:1:      heliophobic_arrival_dark_side_of_the_moon, layout_basic, serial_shops,
          nicolae_shop_competitors_out_of_business,
          shapermc_ecumenical_altar_mp_urbaneastern
D:2:      kennysheep_the_goblin_king, layout_basic

Notes
Turn   | Place    | Note
-------+----------+-------------------------------------------
     0 | D:1      | sanka the Minotaur Fighter began the quest for the Orb.
     0 | D:1      | Reached XP level 1. HP: 19/19 MP: 0/0
   121 | D:1      | Found a faded altar of an unknown god.
   129 | D:1      | Reached skill level 4 in Fighting
   129 | D:1      | Reached skill level 3 in Maces & Flails
   129 | D:1      | Reached XP level 2. HP: 16/27 MP: 1/1
   315 | D:1      | Found Toiha's Antique Weapon Shoppe.
   452 | D:1      | Reached skill level 4 in Maces & Flails
   488 | D:1      | Reached XP level 3. HP: 33/33 MP: 2/2
   837 | D:2      | HP: 2/33 [gnoll/+0 spear (7)]
   838 | D:2      | Slain by a gnoll

Vanquished Creatures
  3 gnolls (D:2)
  A dart slug (D:1)
  6 ball pythons
  An endoplasm (D:1)
  4 giant cockroaches
  7 goblins
  4 hobgoblins
  4 jackals (D:1)
  A quokka (D:2)
  2 bats
  A frilled lizard (D:1)
  2 kobolds (D:1)
  5 rats (D:1)
41 creatures vanquished.
